 Dungeon Crawl Stone Soup version 0.22-a0-388-g09e6169 (webtiles) character file.

184 sankara the Grave Robber (level 5, -7/38 HPs)
             Began as a Ghoul Necromancer on Apr 29, 2018.
             Was an Initiate of Ru.
             Mangled by a scorpion (9 damage)
             ... on level 4 of the Dungeon.
             The game lasted 00:16:54 (2704 turns).

sankara the Grave Robber (Ghoul Necromancer)        Turns: 2704, Time: 00:16:55

Health: -7/38      AC:  2    Str: 12    XL:     5   Next: 64%
Magic:  0/6        EV: 12    Int: 11    God:    Ru [......]
Gold:   86         SH:  0    Dex:  9    Spells: 5/7 levels left

rFire    . . .     SeeInvis .   a - +0 dagger (curse)
rCold    + . .     Gourm    .   (no shield)
rNeg     + + +     Faith    .   b - +0 robe
rPois    ∞         Spirit   .   (no helmet)
rElec    .         Reflect  .   (no cloak)
rCorr    .         Harm     .   (no gloves)
MR       .....                  (no boots)
Stlth    +++.......             (no amulet)
HPRegen  0.00/turn              (no ring)
MPRegen  0.10/turn              (no ring)

@: rotting
A: rotting body, claws 1, carnivore, cold resistance 1, negative energy
resistance 3, inhibited regeneration, torment resistance, unbreathing
a: Renounce Religion


You were on level 4 of the Dungeon.
You worshipped Ru.
Ru was noncommittal.
You were not hungry.

You visited 1 branch of the dungeon, and saw 4 of its levels.

You collected 86 gold pieces.

Inventory:

Hand Weapons
 a - a cursed +0 dagger (weapon)
   (You found it on level 1 of the Dungeon)
 e - a +0 scimitar of slicing
   (You found it on level 4 of the Dungeon)
 k - a +2 dagger of venom
   (You took it off a goblin on level 2 of the Dungeon)
 m - a +0 hunting sling
   (You took it off a goblin on level 4 of the Dungeon)
 n - a +0 dagger of venom
   (You took it off an orc on level 3 of the Dungeon)
 o - a +2 trident of protection
   (You found it on level 3 of the Dungeon)
Missiles
 h - 96 stones (quivered)
 l - 2 tomahawks
 p - 3 javelins
Armour
 b - a +0 robe (worn)
Wands
 q - a wand of polymorph (14)
   (You found it on level 3 of the Dungeon)
Scrolls
 i - a scroll of amnesia
Potions
 g - a potion of flight
Comestibles
 c - 6 rations
 d - 3 chunks of flesh {@w0}


   Skills:
 - Level 1.7 Dodging
 + Level 5.0 Stealth
 - Level 1.7 Spellcasting
 + Level 5.5 Necromancy


You had 5 spell levels left.
You knew the following spells:

 Your Spells              Type           Power        Failure   Level  Hunger
a - Pain                  Necr           ##..         3%          1    ##.....
c - Animate Skeleton      Necr           N/A          3%          1    ##.....


Dungeon Overview and Level Annotations

Branches:
Dungeon (4/15)
 Temple: D:4-7

Altars:
Ru
Wu Jian
Beogh


Innate Abilities, Weirdness & Mutations

Your body is rotting away.
You thrive on raw meat.
You are immune to poison.
You have sharp fingernails.
You are carnivorous and can eat meat at any time.
Your flesh is cold resistant. (rC+)
You are immune to negative energy. (rN+++)
You do not regenerate when monsters are visible.
You are immune to unholy pain and torment.
You can survive without breathing.


Message History

Aim: a quokka (chance to defeat MR: 83%)
The quokka writhes in agony!
Casting: Pain (safe; 3% risk of failure)
Confirm with . or Enter, or press ? or * to list all spells.
Aiming: Pain (safe; 3% risk of failure)
Press: ? - help, Shift-Dir - straight line, f/p - quokka
Aim: a quokka (moderately wounded, chance to defeat MR: 83%)
The quokka writhes in agony!
You kill the quokka!
Casting: Pain (safe; 3% risk of failure)
Confirm with . or Enter, or press ? or * to list all spells.
Aiming: Pain (safe; 3% risk of failure)
Press: ? - help, Shift-Dir - straight line, f - scorpion
Aim: a scorpion (chance to defeat MR: 70%)
The scorpion writhes in agony!
Casting: Pain (safe; 3% risk of failure)
Confirm with . or Enter, or press ? or * to list all spells.
Aiming: Pain (safe; 3% risk of failure)
Press: ? - help, Shift-Dir - straight line, f/p - scorpion
Aim: a scorpion (lightly wounded, chance to defeat MR: 70%)
The scorpion writhes in agony!
The scorpion stings you.
The scorpion stings you but does no damage.
You hit the scorpion but do no damage.
The scorpion is moderately wounded.
The scorpion barely misses you.
Your frilled lizard skeleton barely misses the scorpion.
You barely miss the scorpion.
The scorpion is moderately wounded.
The scorpion misses you.
Your frilled lizard skeleton closely misses the scorpion.
You completely miss the scorpion.
The scorpion is moderately wounded.
The scorpion stings you!
You hit the scorpion.
The scorpion is moderately wounded.
The scorpion stings you!
Your frilled lizard skeleton bites the scorpion but does no damage.
Casting: Pain (safe; 3% risk of failure)
Confirm with . or Enter, or press ? or * to list all spells.
Aiming: Pain (safe; 3% risk of failure)
Press: ? - help, Shift-Dir - straight line, f/p - scorpion
Aim: a scorpion (moderately wounded, chance to defeat MR: 70%)
The scorpion struggles to resist.
The scorpion barely misses you.
Your frilled lizard skeleton closely misses the scorpion.
Casting: Pain (safe; 3% risk of failure)
Confirm with . or Enter, or press ? or * to list all spells.
Aiming: Pain (safe; 3% risk of failure)
Press: ? - help, Shift-Dir - straight line, f/p - scorpion
Aim: a scorpion (moderately wounded, chance to defeat MR: 70%)
The scorpion writhes in agony!
The scorpion stings you.
Your frilled lizard skeleton bites the scorpion but does no damage.
Casting: Pain (safe; 3% risk of failure)
Confirm with . or Enter, or press ? or * to list all spells.
Aiming: Pain (safe; 3% risk of failure)
Press: ? - help, Shift-Dir - straight line, f/p - scorpion
Aim: a scorpion (heavily wounded, chance to defeat MR: 70%)
The scorpion writhes in agony!
Your frilled lizard skeleton crumbles into dust!
The scorpion misses you.
Casting: Pain (safe; 3% risk of failure)
Confirm with . or Enter, or press ? or * to list all spells.
You don't have enough magic to cast that spell.
You barely miss the scorpion.
The scorpion is severely wounded.
The scorpion closely misses you.
Your orc skeleton hits the scorpion with a short sword.
You hit the scorpion but do no damage.
The scorpion is severely wounded.
The scorpion stings you!
* * * LOW HITPOINT WARNING * * *
Your orc skeleton hits the scorpion with a short sword.
You swap places.
The scorpion closely misses you.
Your orc skeleton hits the scorpion but does no damage.
The scorpion stings your orc skeleton!
Your orc skeleton is destroyed!
The scorpion stings your jackal skeleton!
Your jackal skeleton is destroyed!
You closely miss the scorpion.
The scorpion is almost dead.
The scorpion barely misses you.
You hit the scorpion but do no damage.
The scorpion is almost dead.
The scorpion stings you but does no damage.
You closely miss the scorpion.
The scorpion is almost dead.
The scorpion stings you.
* * * LOW HITPOINT WARNING * * *
Press: ? - help, v - describe, . - travel
Here: a scorpion (almost dead)
The floor.
Unknown command.
The scorpion stings you.
* * * LOW HITPOINT WARNING * * *
Casting: Pain (safe; 3% risk of failure)
Confirm with . or Enter, or press ? or * to list all spells.
Aiming: Pain (safe; 3% risk of failure)
Press: ? - help, Shift-Dir - straight line, f/p - scorpion
Aim: a scorpion (almost dead, chance to defeat MR: 70%)
The scorpion struggles to resist.
The scorpion stings you!
You die...

#......<###
#......)..##
##......#..##
#.....###..###
##.... ##...##
##..# ###..### ##.
##...## ## ##s..#
###### #@.###
##....##### ##..#
##.........###..##
##...#######.#..##
#...#..≈≈≈..#..##
...#..≈...≈..#.##
..#[..≈._.≈...#.#
...#..≈...≈..#.##
#...#..≈≈≈..#Z##


You could see a scorpion.

Vanquished Creatures
  2 orc priests (D:2)
  5 adders
  An ooze (D:2)
  2 dart slugs
  2 leopard geckos
  5 orcs
  4 giant cockroaches
  4 goblins
  6 hobgoblins
  10 jackals
  3 kobolds
  2 quokkas
  A bat (D:1)
  4 frilled lizards
  5 rats
56 creatures vanquished.

Vanquished Creatures (collateral kills)
  An ooze (D:4)
  3 orcs
  2 jackals (D:4)
6 creatures vanquished.

Grand Total: 62 creatures vanquished

Notes
Turn   | Place    | Note
-------+----------+-------------------------------------------
     0 | D:1      | sankara the Ghoul Necromancer began the quest for the Orb.
     0 | D:1      | Reached XP level 1. HP: 14/14 MP: 2/2
     2 | D:1      | Learned a level 1 spell: Animate Skeleton
   275 | D:1      | Reached XP level 2. HP: 15/20 MP: 0/3
   606 | D:1      | Reached skill level 3 in Stealth
   694 | D:1      | Reached XP level 3. HP: 20/26 MP: 0/4
  1048 | D:1      | HP: 6/25 [kobold/club (3)]
  1323 | D:3      | Found a roughly hewn altar of Beogh.
  1347 | D:3      | Found an ornate altar of the Wu Jian Council.
  1392 | D:3      | Noticed an ogre
  1455 | D:2      | Reached XP level 4. HP: 30/33 MP: 0/5
  1513 | D:2      | Reached skill level 4 in Stealth
  1513 | D:2      | Reached skill level 5 in Necromancy
  1681 | D:2      | Reached XP level 5. HP: 17/38 MP: 0/6
  2522 | D:4      | Found a sacrificial altar of Ru.
  2538 | D:4      | Became a worshipper of Ru the Awakened
  2554 | D:4      | Reached skill level 5 in Stealth
  2689 | D:4      | HP: 8/38 [scorpion (9)]
  2696 | D:4      | HP: 4/38 [scorpion (4)]
  2704 | D:4      | Mangled by a scorpion

Vault maps used:
D:1:      evilmike_arrival_plus, kennysheep_decorative_pillar
D:2:      old_standard_altar, vehumet_crystals, makhleb_blood_cavern_becter,
          gammafunk_temple_overflow_pools
D:3:      old_standard_altar, marbit_many_paths, grunt_ministairs_10,
          kennysheep_orc_chapel
D:4:      amethyst_overflow_temple_binary, nicolae_ru_awakened_eye

Skill      XL: |  1  2  3  4  5 |
---------------+----------------+-----
Stealth        | 3 4 5 |  5.0
Necromancy     | 5 |  5.5
Dodging        | |  1.7
Spellcasting   | |  1.7

Action                   |  1- 3 |  4- 6 || total
-------------------------+-------+-------++-------
Melee: Dagger            |   108 |    34 ||   142
 Cast: Pain              |    59 |    68 ||   127
       Animate Skeleton  |       |     6 ||     6
  Use: Scroll            |       |     5 ||     5
  Eat: Chunk             |     9 |     5 ||    14
Armor: Robe              |    25 |    10 ||    35
Dodge: Dodged            |    93 |    47 ||   140

Table legend:
 A = Spawn XP
 B = Non-spawn XP
 C = Spawn XP percentage of total XP
 D = Spawn monster count
 E = Non-spawn monster count
 F = Spawn count percentage of total count
 G = Total turns spent on level
                    A         B        C        D         E        F      G
               +---------+---------+-------+---------+---------+-------+---------
         Total |       0 |     264 |   0.0 |       0 |      62 |   0.0 |  2704
               +---------+---------+-------+---------+---------+-------+---------
           D:1 |       0 |      63 |   0.0 |       0 |      27 |   0.0 |  1210
           D:2 |       0 |     117 |   0.0 |       0 |      12 |   0.0 |   534
           D:3 |       0 |      31 |   0.0 |       0 |       8 |   0.0 |   425
           D:4 |       0 |      53 |   0.0 |       0 |      15 |   0.0 |   535
               +---------+---------+-------+---------+---------+-------+---------

Vault maps used:
D:1:      evilmike_arrival_plus, kennysheep_decorative_pillar
D:2:      old_standard_altar, vehumet_crystals, makhleb_blood_cavern_becter,
          gammafunk_temple_overflow_pools
D:3:      old_standard_altar, marbit_many_paths, grunt_ministairs_10,
          kennysheep_orc_chapel
D:4:      amethyst_overflow_temple_binary, nicolae_ru_awakened_eye

Table legend:
 A = Turns spent in this place as a percentage of turns spent in the entire game.
 B = Non-inter-level travel turns spent in this place as a percentage of non-inter-level travel turns spent in the entire game.
 C = Inter-level travel turns spent in this place as a percentage of turns spent in this place.
 D = Turns resting spent in this place as a percentage of non-inter-level travel turns spent in this place.
 E = Turns spent auto-exploring this place as a percentage of non-inter-level travel turns spent in this place.
 F = Non-inter-level travel turns spent in this place divided by the number of levels of this place that you've seen.
                   A       B       C       D       E      F
               +-------+-------+-------+-------+-------+----------------------
         Total | 100.0 | 100.0 |   2.1 |  55.8 |   7.0 | 661.8
       Dungeon | 100.0 | 100.0 |   2.1 |  55.8 |   7.0 | 661.8
               +-------+-------+-------+-------+-------+----------------------

Table legend:
 A = Kills in this place as a percentage of kills in entire the game.
 B = Kills by you in this place as a percentage of kills by you in the entire game.
 C = Kills by friends in this place as a percentage of kills by friends in the entire game.
 D = Other kills in this place as a percentage of other kills in the entire game.
 E = Experience gained in this place as a percentage of experience gained in the entire game.
 F = Experience gained in this place divided by the number of levels of this place that you have seen.
                   A       B       C       D       E      F
               +-------+-------+-------+-------+-------+----------------------
         Total | 100.0 | 100.0 | 100.0 |   N/A | 100.0 |  66.0
       Dungeon | 100.0 | 100.0 | 100.0 |   N/A | 100.0 |  66.0
               +-------+-------+-------+-------+-------+----------------------
